 Dungeon Crawl Stone Soup version 0.32-a0-818-gb728d0252e (webtiles) character file.

Game seed: 11010331246949628211

41 AstroCodex24 the Shield-Bearer (level 3, 0/28 HPs)
             Began as a Vampire Fighter on Mar 23, 2024.
             Slain by a scorpion (3 damage)
             ... on level 4 of the Dungeon.
             The game lasted 00:03:06 (714 turns).

AstroCodex24 the Shield-Bearer (Vampire Fighter)     Turns: 714, Time: 00:03:07

Health: 0/28       AC:  6    Str: 17    XL:     3   Next: 32%
Magic:  3/3        EV:  8    Int: 10    God:
Gold:   76         SH:  4    Dex: 13    Spells: 2/2 levels left

rFire   . . .        a - +0 war axe
rCold   . . .        c - +0 buckler
rNeg    . . .        b - +0 scale mail
rPois   .            (no helmet)
rElec   .            (no cloak)
rCorr   .            (no gloves)
SInv    +            (no boots)
Will    .....        (no amulet) Stlth
                     (no ring)
HPRegen 0.44/turn    (no ring)
MPRegen 0.08/turn

%: no passive effects
@: lethally poisoned (0 -> -3), healing quickly
A: alive, fangs 3, see invisible, vampiric 2
a: Exsanguinate


You were on level 4 of the Dungeon.
You visited 1 branch of the dungeon, and saw 4 of its levels.

You collected 76 gold pieces.

Inventory:

Hand Weapons
 a - a +0 war axe (weapon)
Armour
 b - a +0 scale mail (worn)
 c - a +0 buckler (worn)
Scrolls
 e - 2 scrolls of identify {unknown}
 h - 2 scrolls of fog {unknown}
 j - a scroll of enchant weapon {unknown}
 k - a scroll of immolation {unknown}
Potions
 d - a potion of might
 f - 2 potions of haste {unknown}
 g - a potion of brilliance {unknown}
 i - a potion of degeneration {unknown}


   Skills:
 + Level 2.9 Fighting
 + Level 2.4 Axes
 + Level 2.8 Armour
 + Level 0.1 Dodging
 + Level 3.0 Shields


You had 2 spell levels left.
You didn't know any spells.
Your spell library was empty.

Dungeon Overview and Level Annotations

Branches:
Dungeon (4/15)
 Temple: D:4-7

Altars:


Innate Abilities, Weirdness & Mutations

Your natural rate of healing is accelerated.
You have razor-sharp teeth.
You have supernaturally acute eyesight. (SInv)
You are afflicted with vampirism and can become a bat while bloodless.


Message History

Found a scroll labelled ASUCZO LAIGA.
A kobold comes into view. It is wielding a +0 club.
The kobold shouts!
A scorpion comes into view.
The kobold throws a stone.
The stone barely misses you. You block the kobold's attack.
You barely miss the kobold. The kobold barely misses you.
The scorpion stings you.
You are poisoned.
The scorpion poisons you! The kobold hits you but does no damage.
You hit the scorpion.
The scorpion is lightly wounded.
You closely miss the kobold.
You feel very sick. You block the scorpion's attack.
The kobold barely misses you. The scorpion stings you.
The kobold hits you with a +0 club.
You hit the scorpion.
The scorpion is lightly wounded.
You barely miss the kobold.
You feel sick. The scorpion stings you.
You are lethally poisoned!
The scorpion poisons you! You block the kobold's attack.
The scorpion barely misses you.
You hit the scorpion.
You bite the scorpion, but do no damage.
The scorpion is heavily wounded.
You hit the kobold.
You kill the kobold!
* * * LOW HITPOINT WARNING * * *
You feel very sick. The scorpion barely misses you.
You closely miss the scorpion.
The scorpion is heavily wounded.
* * * LOW HITPOINT WARNING * * *
You feel very sick. You block the scorpion's attack.
The scorpion completely misses you.
You hit the scorpion but do no damage. Your bite misses the scorpion.
The scorpion is heavily wounded.
* * * LOW HITPOINT WARNING * * *
You feel sick. You block the scorpion's attack. The scorpion stings you.
You die...

# ##.......##### .#
##########...#........ .
....................####
#####.......#...........
.# #.......#.........#
.####.......##.....####
...................##
.############..)s...# ##
#...@...# #.......#
##.?...## ##...## #####


You could see a scorpion.

Vanquished Creatures
  A white imp (D:3)
  A ribbon worm (D:3)
  A dart slug (D:1)
  4 orcs (D:3)
  3 endoplasms
  A giant cockroach (D:1)
  2 goblins (D:4)
  2 hobgoblins
  4 ball pythons
  4 bats
  2 kobolds (D:4)
  A rat (D:1)
26 creatures vanquished.

Notes
Turn   | Place    | Note
-------+----------+-------------------------------------------
     0 | D:1      | AstroCodex24 the Vampire Fighter began the quest for the
                  | Orb.
     0 | D:1      | Reached XP level 1. HP: 17/17 MP: 1/1
   231 | D:1      | Reached XP level 2. HP: 21/23 MP: 2/2
   440 | D:3      | Reached skill level 3 in Shields
   551 | D:3      | Gained mutation: You are afflicted with vampirism and can
                  | become a bat while bloodless. [Vampire growth]
   551 | D:3      | Reached XP level 3. HP: 28/28 MP: 3/3
   704 | D:4      | Noticed a scorpion
   714 | D:4      | Slain by a scorpion

Illustrated notes

Levels and vault maps discovered:
D:1:      wander_arrival_chamber, layout_loops_ring
D:2:      layout_rooms, basic_altar
D:3:      layout_basic, nicolae_ru_the_path_less_chosen,
          grunt_temple_overflow_open
D:4:      layout_rooms, mainiacjoe_overflow_alcove_2,
          pdpol_wu_jian_five_deadly_venoms, amethyst_overflow_temple_binary

Skill      XL: |  1  2 |
---------------+-------+-----
Axes           | 2 |  2.4
Shields        | 3 |  3.0
Fighting       | |  2.9
Armour         | |  2.8
Dodging        | |  0.1

Action                     || total
---------------------------++-------
  Melee: War axe           ||    79
         Bite              ||     6
 Armour: Scale mail        ||    92
  Dodge: Dodged            ||    41
  Block: Buckler           ||    33

Table legend: (Time is in decaauts)
 A = Elapsed time spent in this place.
 B = Non-inter-level travel time spent in this place.
 C = Inter-level travel time spent in this place.
 D = Time resting spent in this place.
 E = Time spent auto-exploring this place.
 F = Levels seen in this place.
 G = Mean time per level.
                   A        B        C        D        E       F      G
               +--------+--------+--------+--------+--------+-----+--------+
         Total |    746 |    742 |      4 |      0 |      0 |   4 |  186.5 |
       Dungeon |    746 |    742 |      4 |      0 |      0 |   4 |  186.5 |
               +--------+--------+--------+--------+--------+-----+--------+

Top non-repeatable levels by time:
     D:1: 333 daAuts
     D:3: 231 daAuts
     D:4: 148 daAuts
     D:2: 33 daAuts
